 Dungeon Crawl Stone Soup version 0.30-a0-557-ge2afbf3030 (webtiles) character file.

Game seed: 1378223213814231795

4635 HoaS the Markstengu (level 10, 0/53 HPs)
             Began as a Tengu Hunter on Dec 27, 2022.
             Was an Elder of Okawaru.
             Slain by a hornet (2 damage)
             ... on level 8 of the Dungeon.
             The game lasted 00:20:02 (8199 turns).

HoaS the Markstengu (Tengu Hunter)                  Turns: 8199, Time: 00:20:03

Health: 0/53       AC:  7    Str: 12    XL:     10   Next: 43%
Magic:  13/13      EV: 15    Int:  9    God:    Okawaru [****..]
Gold:   1351       SH:  0    Dex: 22    Spells: 9/9 levels left

rFire   . . .      SeeInvis +    o - +2 arbalest (freeze)
rCold   . . .      Faith    .    (shield currently unavailable)
rNeg    . . .      Spirit   .    c - +1 leather armour
rPois   .          Reflect  .    (helmet restricted)
rElec   .          Harm     .    (no cloak)
rCorr   .          Rampage  .    v - +2 pair of gloves
Will    .....                    (boots unavailable)
Stlth   ++                       (no amulet)
HPRegen 0.28/turn                d - ring of see invisible
MPRegen 0.13/turn                (no ring)

@: lethally poisoned (0 -> -5), flying quickly and evasively, slowed, invisible,
very slow
A: beak, talons 3, nimble flight
a: Renounce Religion, Heroism, Finesse


You were on level 8 of the Dungeon.
You worshipped Okawaru.
Okawaru was greatly pleased with you.
You visited 1 branch of the dungeon, and saw 9 of its levels.
You also visited: Ossuary.

You collected 1824 gold pieces.
You spent 473 gold pieces at shops.

Inventory:

Hand Weapons
 o - a +2 arbalest of freezing (weapon)
 w - a +0 triple crossbow
 x - a +0 longbow
Missiles
 a - 4 throwing nets
Armour
 c - a +1 leather armour (worn)
 v - a +2 pair of gloves (worn)
Jewellery
 d - a ring of see invisible (left hand)
Wands
 g - a wand of roots (10)
 y - a wand of flame (27)
Scrolls
 b - 2 scrolls of immolation
 h - 5 scrolls of blinking
 j - 2 scrolls of torment
 m - a scroll of teleportation
 n - 3 scrolls of identify
 r - a scroll of fog
 s - a scroll of fear
 u - 3 scrolls of magic mapping
 A - 3 scrolls of silence
Potions
 e - a potion of brilliance
 f - 4 potions of curing
 i - 2 potions of invisibility
 k - 2 potions of flight
 l - 3 potions of mutation
 p - a potion of might
 q - 2 potions of lignification
 t - a potion of haste
 z - a potion of berserk rage
 C - a potion of resistance


   Skills:
 - Level 2.0 Fighting
 * Level 16.1 Ranged Weapons
 - Level 2.1 Dodging
 - Level 1.0 Stealth
 - Level 3.0 Invocations


You had 9 spell levels left.
You didn't know any spells.
Your spell library contained the following spells:

 Spells                   Type           Power      Damage    Failure   Level
 Magic Dart               Conj           0%         1d3       45%         1
 Necrotise                Necr           0%         1d4       45%         1
 Searing Ray              Conj           0%         2d4       61%         2
 Vampiric Draining        Necr           0%         2d6       83%         3
 Fulminant Prism          Conj/Hex       0%         3d5       99%         4
 Agony                    Necr           0%         N/A       100%        5


Dungeon Overview and Level Annotations

Branches:
Dungeon (9/15)             Temple (0/1) D:5         Ossuary (visited)
   Lair: D:8-11         Orc: D:9-12

Altars:
Ashenzari
Cheibriados
Hepliaklqana
Okawaru
Qazlal
Trog
Wu Jian
The Shining One

Shops:
D:7 (

Annotations:
D:7 2 transporters, Ge0ff's ghost, novice OpGl
D:8 Amaemon


Innate Abilities, Weirdness & Mutations

You have a beak for a mouth.
You have claws for feet.
Your magical nature lets you fly swiftly and evasively.


Message History

A wolf comes into view. x2
A wolf comes into view.
The wolf moves out of view.
The wolf howls! x3
There is a stone staircase leading up here.
You fly upwards.
Level annotation: Amaemon
There is a stone staircase leading down here.
You start resting.
A hornet comes into view.
You shoot a bolt. The bolt completely misses the hornet.
The hornet buzzes angrily.
You shoot a bolt. The bolt barely misses the hornet.
You shoot a bolt. The bolt misses the hornet.
You shoot a bolt. The bolt closely misses the hornet.
The hornet stings you!
You feel yourself slow down.
You are too injured to fight recklessly!
You are too injured to fight recklessly!
You fade into invisibility!
The hornet misses you. x2
Fire: o) +2 arbalest (freeze)
Press: ? - help, Q - select action, (/) - cycle Shift-Dir - straight line, f/p - hornet
Aim: a hornet (unable to see you, 59% to hit)
You shoot a bolt. The bolt misses the hornet.
The hornet stings you!
* * * LOW HITPOINT WARNING * * *
You feel as though you will be slow longer.
The hornet stings you.
* * * LOW HITPOINT WARNING * * *
You are lethally poisoned!
You feel as though you will be slow longer.
Fire: o) +2 arbalest (freeze)
Press: ? - help, Q - select action, (/) - cycle Shift-Dir - straight line, f/p - hornet
Aim: a hornet (unable to see you, 59% to hit)
You shoot a bolt. The bolt barely misses the hornet.
* * * LOW HITPOINT WARNING * * *
You feel very sick. The hornet barely misses you.
The hornet closely misses you. The hornet stings you.
You die...

.................####.###........
............#.....##..###..##....
...........###.............##....
...........##.............###....
..............##...####..####....
..............##...# ##.# #....#
...................# ##.###....#
...................####...##....#
#.........####..@y...............
#.........# #.......####....####
#.###....## #..##..## #..#..## #
.## ##...# ##.####.# #.###..# .#
##..# #..# ..##.. #..## ## #.##
##.## #....# ##..## #
####..###..## ##.....#####....
####...........###..###...##....#
...........###.....# #.......###


You could see a hornet (unable to see you).

Vanquished Creatures
  Harold (D:9)
  A cyclops (D:6)
  Prince Ribbit (D:9)
  A yak (D:6)
  A steam dragon (D:8)
  A water moccasin (D:8)
  3 ice beasts (D:6)
  An orc warrior (D:6)
  3 sky beasts
  2 black bears
  4 centaurs
  A bullfrog (D:6)
  A kobold brigand (D:8)
  A gnoll sergeant (D:5)
  2 scorpions
  8 wights
  4 killer bees
  2 jellies
  2 gnoll boudas (D:6)
  2 orc priests
  4 hounds
  2 hell rats (D:7)
  5 iguanas
  4 orc wizards
  2 mummies (Ossuary)
  9 adders
  19 river rats (D:7)
  4 shadow imps
  A white imp (D:5)
  7 adder zombies (Ossuary)
  3 worms
  5 dart slugs
  11 orcs
  4 ball pythons
  11 endoplasms
  9 giant cockroaches
  4 gnoll zombies (Ossuary)
  4 goblins
  3 hobgoblins
  7 jackals
  13 kobolds
  6 quokkas
  3 training dummies (D:7)
  7 bats
  10 hobgoblin zombies (Ossuary)
  5 kobold zombies (Ossuary)
  6 orc zombies (Ossuary)
  4 rats
  5 toadstools (D:1)
219 creatures vanquished.

Notes
Turn   | Place    | Note
-------+----------+-------------------------------------------
     0 | D:1      | HoaS the Tengu Hunter began the quest for the Orb.
     0 | D:1      | Reached XP level 1. HP: 12/12 MP: 2/2
   139 | D:1      | Reached XP level 2. HP: 7/17 MP: 3/3
   234 | D:1      | Reached skill level 5 in Ranged Weapons
   695 | D:2      | Reached XP level 3. HP: 21/21 MP: 4/4
  1296 | D:2      | Reached skill level 6 in Ranged Weapons
  1395 | D:3      | Found a bloodstained altar of Trog.
  1436 | D:3      | Reached XP level 4. HP: 26/26 MP: 5/5
  1913 | D:3      | Found an iron altar of Okawaru.
  1923 | D:3      | Became a worshipper of Warmaster Okawaru
  2310 | D:4      | Found a sand-covered staircase.
  2317 | Ossuary  | Entered an ossuary
  2394 | Ossuary  | Gained mutation: Your magical nature lets you fly swiftly
                  | and evasively. [Tengu growth]
  2394 | Ossuary  | Reached XP level 5. HP: 30/30 MP: 6/6
  2579 | Ossuary  | Reached skill level 1 in Invocations
  2602 | Ossuary  | Reached skill level 7 in Ranged Weapons
  2849 | D:4      | Noticed a sky beast
  2868 | D:4      | Killed a sky beast
  2869 | D:4      | Reached XP level 6. HP: 35/35 MP: 8/8
  2993 | D:4      | Reached * piety under Okawaru
  3080 | D:5      | Entered Level 5 of the Dungeon
  3284 | D:5      | Reached skill level 8 in Ranged Weapons
  3351 | D:5      | Reached XP level 7. HP: 38/40 MP: 8/10
  3403 | D:5      | Found a staircase to the Ecumenical Temple.
  3494 | D:5      | Identified the +1 leather armour "Zaliust" {rN+ Str-4
                  | Int+2}
  4016 | D:5      | Reached skill level 9 in Ranged Weapons
  4359 | D:6      | Reached ** piety under Okawaru
  4377 | D:6      | Found a broken altar of Ashenzari.
  4404 | D:6      | Noticed a yak
  4498 | D:6      | Reached XP level 8. HP: 31/44 MP: 11/11
  4504 | D:6      | Reached skill level 10 in Ranged Weapons
  4568 | D:6      | Noticed a cyclops
  4723 | D:6      | Killed a yak
  4724 | D:6      | Reached skill level 11 in Ranged Weapons
  4862 | D:6      | Found a glowing golden altar of the Shining One.
  4930 | D:6      | Reached *** piety under Okawaru
  4931 | D:6      | Reached skill level 12 in Ranged Weapons
  4955 | D:6      | Reached XP level 9. HP: 44/48 MP: 12/12
  4991 | D:6      | Killed a cyclops
  4992 | D:6      | Reached skill level 13 in Ranged Weapons
  5205 | D:6      | Found an ornate altar of the Wu Jian Council.
  5208 | D:6      | Found a stormy altar of Qazlal.
  5469 | D:6      | Identified a scroll of acquirement
  5469 | D:6      | Acquired 817 gold pieces
  5775 | D:7      | Found Quownuh's Firing Range.
  5785 | D:7      | Bought a +1 arbalest of freezing for 226 gold pieces
  5785 | D:7      | Bought a +0 triple crossbow for 150 gold pieces
  5785 | D:7      | Bought a +0 longbow for 97 gold pieces
  6004 | D:7      | Reached skill level 14 in Ranged Weapons
  6054 | D:7      | Reached **** piety under Okawaru
  6260 | D:7      | Noticed a moth of wrath
  6270 | D:7      | Found a transporter.
  6277 | D:7      | Found a bloodstained altar of Trog.
  6288 | D:7      | Found a transporter.
  6289 | D:7      | Noticed Ge0ff's ghost (novice OpGl)
  6606 | D:7      | Found the +2 ratskin cloak {*Rats rPois rN+ Str-1 Int-1
                  | Dex+1}
  7141 | D:8      | Acquired 504 gold pieces
  7315 | D:8      | Found a hazy altar of Hepliaklqana.
  7438 | D:8      | Reached XP level 10. HP: 53/53 MP: 13/13
  7577 | D:8      | Reached skill level 15 in Ranged Weapons
  7842 | D:8      | Noticed Amaemon
  7984 | D:9      | Noticed Harold
  7995 | D:9      | Noticed Prince Ribbit
  8001 | D:9      | Killed Harold
  8005 | D:9      | Killed Prince Ribbit
  8009 | D:9      | Reached skill level 16 in Ranged Weapons
  8040 | D:9      | Found a snail-covered altar of Cheibriados.
  8199 | D:8      | HP: 2/53 [poisoned by a hornet]
  8199 | D:8      | Slain by a hornet

Illustrated notes

Levels and vault maps discovered:
D:1:      ldierk_walled_garden, layout_basic
D:2:      layout_basic, minmay_worlds_worst_comb
D:3:      kennysheep_six_static_rooms, layout_loops_ring, lemuel_doored_altar,
          mainiacjoe_overflow_tiny_flanked
D:4:      layout_rooms, enter_ossuary_1
D:5:      layout_basic, minmay_temple_entry_hall, kennysheep_generic_room_7
D:6:      cheibrodos_fzero, layout_loops_ring, nicolae_tso_carved_into_rock,
          ashenzari_conservatory_becter, nicolae_overflow_squiral,
          hangedman_abyss_or_decor_stagger, hangedman_decor_growths,
          st_stairs_11
D:7:      wander_guarded_unrand_ratskin, layout_basic,
          gammafunk_ghost_wrathful_warriors, chequers_avenue,
          nicolae_shop_firing_range
D:8:      layout_layer_cave, overflow_temple_1_default,
          kennysheep_generic_room_11, uniq_amaemon
D:9:      layout_cave_pools, kennysheep_slug_shrine,
          mainiacjoe_overflow_six_doors_small, erik_orc_1, uniq_prince_ribbit1,
          uniq_grum, uniq_harold

Skill      XL: |  1  2  3  4  5  6  7  8  9 10 |
---------------+-------------------------------+-----
Ranged Weapons | 5 6 7 8 9 12 14 16 | 16.1
Invocations    | 2 3 |  3.0
Fighting       | |  2.0
Dodging        | |  2.1
Stealth        | |  1.0

Action                   |  1- 3 |  4- 6 |  7- 9 | 10-12 || total
-------------------------+-------+-------+-------+-------++-------
 Fire: Shortbow          |   101 |   234 |   272 |       ||   607
       Arbalest          |       |       |   101 |    47 ||   148
Invok: Heroism           |       |       |       |     1 ||     1
       Finesse           |       |       |       |     1 ||     1
  Use: Scroll            |     9 |    10 |     9 |     3 ||    31
       Potion            |       |     4 |     5 |     1 ||    10
Armor: Leather armour    |    10 |    25 |    58 |     4 ||    97
Dodge: Dodged            |    19 |    85 |   163 |    20 ||   287

Table legend: (Time is in decaauts)
 A = Elapsed time spent in this place.
 B = Non-inter-level travel time spent in this place.
 C = Inter-level travel time spent in this place.
 D = Time resting spent in this place.
 E = Time spent auto-exploring this place.
 F = Levels seen in this place.
 G = Mean time per level.
                   A        B        C        D        E       F      G
               +--------+--------+--------+--------+--------+-----+--------+
         Total |   7924 |   7611 |    313 |   1548 |   4571 |  10 |  792.4 |
       Dungeon |   7560 |   7247 |    313 |   1417 |   4493 |   9 |  840.0 |
       Ossuary |    363 |    363 |      0 |    131 |     77 |   1 |  363.0 |
               +--------+--------+--------+--------+--------+-----+--------+

Top non-repeatable levels by time:
     D:7: 1502 daAuts
     D:6: 957 daAuts
     D:5: 921 daAuts
     D:3: 892 daAuts
     D:8: 888 daAuts
     D:2: 747 daAuts
     D:4: 723 daAuts
     D:1: 665 daAuts
 Ossuary: 363 daAuts
     D:9: 261 daAuts
